 Dungeon Crawl Stone Soup version 0.29.1-15-g9cfb28693d (webtiles) character file.

Game seed: 11369241634257249987

5849 cdecastro the Severer (level 10, 0/77 HPs)
             Began as a Hill Orc Fighter on Feb 23, 2023.
             Was a Believer of Uskayaw.
             Slain by a troll (3 damage)
             ... on level 10 of the Dungeon on Feb 24, 2023.
             The game lasted 00:25:02 (11268 turns).

cdecastro the Severer (Hill Orc Fighter)           Turns: 11268, Time: 00:25:04

Health: 0/77       AC: 13    Str: 24    XL:     10   Next: 80%
Magic:  19/19      EV:  8    Int:  8    God:    Uskayaw [**....]
Gold:   79         SH:  0    Dex:  5    Spells: 9/9 levels left

rFire   + + .      SeeInvis +   S - +0 war axe (elec)
rCold   . . .      Faith    .   (no shield)
rNeg    + + +      Spirit   .   z - +0 chain mail
rPois   .          Reflect  .   a - +2 hat {SInv}
rElec   +          Harm     .   I - +0 cloak
rCorr   .          Rampage  .   (no gloves)
Will    .....                   e - +0 pair of boots
Stlth   ..........              O - amulet of the acrobat
HPRegen 0.22/turn               L - ring of protection from fire
MPRegen 0.16/turn               N - ring "Esuappir" {rElec rF+ rN+++ Dex-5 Stlth+}

@: no status effects
A: no striking features
a: Renounce Religion, Stomp, Line Pass


You were on level 10 of the Dungeon.
You worshipped Uskayaw.
Uskayaw was pleased with you.
You visited 2 branches of the dungeon, and saw 11 of its levels.

You collected 429 gold pieces.
You spent 350 gold pieces at shops.

Inventory:

Hand Weapons
 w - a +2 hand axe of flaming
 E - the +1 hammer "Beastslayer" {vorpal, rF- Str+6 Int+3 Dex+2}
   (You found it on level 5 of the Dungeon)

   It inflicts extra damage upon your enemies.
   Str:       It affects your strength (+6).
   Int:       It affects your intelligence (+3).
   Dex:       It affects your dexterity (+2).
   rF:        It makes you vulnerable to fire.
 K - a +2 hammer of protection
 S - a +0 war axe of electrocution (weapon)
 T - a +4 mace
 W - a +2 whip of freezing
Missiles
 p - 5 javelins (quivered)
 t - 6 boomerangs
 v - 16 poisoned darts
Armour
 a - a +2 hat of see invisible (worn)
 b - a +0 scale mail
 c - a +0 buckler
 e - a +0 pair of boots (worn)
 o - a +0 helmet
 z - a +0 chain mail (worn)
 I - a +0 cloak (worn)
Magical Staves
 h - a staff of fire
Jewellery
 n - a ring of flight
 q - an amulet of guardian spirit
 L - a ring of protection from fire (left hand)
 N - the ring "Esuappir" (right hand) {rElec rF+ rN+++ Dex-5 Stlth+}
   (You found it on level 7 of the Dungeon)

   [ring of protection from fire]

   Dex:       It affects your dexterity (-5).
   rF:        It protects you from fire.
   rElec:     It insulates you from electricity.
   rN:        It renders you almost immune to negative energy.
   Stlth:     It makes you more stealthy.
 O - an amulet of the acrobat (around neck)
Wands
 d - a wand of mindburst (20)
 C - a wand of iceblast (20)
 Q - a wand of charming (13)
 V - a wand of polymorph (9)
Scrolls
 f - 7 scrolls of identify
 g - 4 scrolls of enchant weapon {unknown}
 i - 2 scrolls of fear {unknown}
 k - a scroll of blinking {unknown}
 l - 2 scrolls of summoning {unknown}
 m - 6 scrolls of teleportation
 r - 2 scrolls of torment {unknown}
 y - 2 scrolls of fog {unknown}
 G - 2 scrolls of magic mapping {unknown}
 H - 2 scrolls of poison {unknown}
 P - a scroll of acquirement {unknown}
 R - a scroll of enchant armour
 U - a scroll of vulnerability {unknown}
Potions
 j - 2 potions of haste
 s - a potion of mutation
 u - 2 potions of flight {unknown}
 x - 7 potions of brilliance
 A - a potion of invisibility {unknown}
 B - 3 potions of curing
 D - a potion of ambrosia {unknown}
 F - a potion of cancellation {unknown}
 J - 2 potions of lignification {unknown}


   Skills:
 - Level 3.6 Fighting
 - Level 16.0 Axes
 - Level 3.2 Armour
 - Level 3.2 Shields
 + Level 12.7 Invocations


You had 9 spell levels left.
You didn't know any spells.
Your spell library contained the following spells:

 Spells                   Type           Power      Damage    Failure   Level
 Shock                    Conj/Air       0%         1d3       97%         1
 Blink                    Tloc           0%         N/A       99%         2
 Ensorcelled Hibernation  Hex/Ice        0%         N/A       99%         2
 Gell's Gravitas          Tloc           0%         N/A       100%        3
 Lesser Beckoning         Tloc           0%         N/A       100%        3
 Spider Form              Tmut/Pois      0%         N/A       100%        3
 Swiftness                Air            0%         N/A       100%        3
 Teleport Other           Tloc           0%         N/A       100%        3
 Airstrike                Air            0%         2d(0-16)  100%        4
 Anguish                  Hex/Necr       0%         N/A       100%        4
 Manifold Assault         Tloc           0%         N/A       100%        5


Dungeon Overview and Level Annotations

Branches:
Dungeon (10/15)            Temple (1/1) D:5             Orc (0/2) D:9
   Lair: D:8-11

Altars:
Ashenzari
Cheibriados
Dithmenos
Elyvilon
Fedhas
Gozag
Hepliaklqana
Kikubaaqudgha
Makhleb
Nemelex Xobeh
Okawaru
Qazlal
Ru
Sif Muna
Trog
Uskayaw
Vehumet
Wu Jian
Xom
Zin
The Shining One

Shops:
D:1 ![[   D:8 [(***

Portals:
Abyss: D:3

Annotations:
D:4 Duvessa
D:9 not done


Message History

The troll is lightly wounded.
The troll bites you!
The troll claws you but does no damage. x2
You hit the troll but do no damage.
The troll is lightly wounded.
You closely miss the troll.
The troll is lightly wounded.
The troll bites you but does no damage. The troll claws you.
The troll barely misses you.
You barely miss the troll.
The troll is lightly wounded.
The troll bites you! The troll claws you! The troll barely misses you.
You barely miss the troll.
The troll is lightly wounded.
You barely miss the troll.
The troll is lightly wounded.
The troll bites you. The troll claws you.
* * * LOW HITPOINT WARNING * * *
The troll claws you but does no damage.
You hit the troll. Lightning courses through the troll!
The troll is heavily wounded.
The troll bites you!
* * * LOW HITPOINT WARNING * * *
The troll barely misses you. The troll claws you but does no damage.
You can now pass through a line of other dancers.
You hit the troll but do no damage.
The troll is heavily wounded.
The troll bites you!
* * * LOW HITPOINT WARNING * * *
The troll claws you but does no damage. The troll claws you.
* * * LOW HITPOINT WARNING * * *
You barely miss the troll.
The troll is heavily wounded.
You hit the troll but do no damage.
The troll is heavily wounded.
The troll bites you.
* * * LOW HITPOINT WARNING * * *
The troll claws you!
* * * LOW HITPOINT WARNING * * *
The troll claws you.
You die...

#.##.......## #..##
#......†....## ##...
####....T....# ###.
#......>..# ## #.........# #.
#.........# ###. ##.........#
###... #..........#########
#...##
#.P........T@......#####.####
#..........######.....)..# ##
#._........# ##.....#######.
#..........# #..............
#.P........# #........######
#.........## #.......##
####.....## ##.)...## #######
##.....## #.).....#


You could see a troll.

Vanquished Creatures
  Gastronok (D:10)
  Pikel (D:4)
  Maggie (D:7)
  A troll (D:7)
  An acid dragon (D:10)
  2 water moccasins (D:6)
  An ice beast (D:6)
  3 black bears
  The ghost of Smoke131 the Trooper, an amateur MiFi (D:3)
  An ogre (D:5)
  A wolf (D:10)
  3 centaurs
  2 lemures
  A kobold brigand (D:9)
  4 bullfrogs
  A necrophage (D:6)
  3 scorpions
  12 wights
  Dowan (D:4)
  4 killer bees
  4 howler monkeys
  A jelly (D:6)
  6 hounds
  7 orc priests
  2 iron imps (D:3)
  Crazy Yiuf (D:5)
  Natasha (thrice) (D:3)
  5 iguanas
  8 orc wizards
  Robin (D:2)
  7 adders
  2 river rats (D:5)
  A shadow imp (D:5)
  3 white imps
  An ufetubus (D:6)
  A worm (D:5)
  A dart slug (D:3)
  31 orcs
  11 endoplasms
  4 giant cockroaches
  15 goblins
  10 hobgoblins
  2 jackals (D:1)
  12 kobolds
  6 quokkas
  7 ball pythons
  6 bats
  2 frilled lizards (D:2)
  8 rats
  A butterfly (D:5)
214 creatures vanquished.

Notes
Turn   | Place    | Note
-------+----------+-------------------------------------------
     0 | D:1      | cdecastro the Hill Orc Fighter began the quest for the Orb.
     0 | D:1      | Reached XP level 1. HP: 19/19 MP: 1/1
    73 | D:1      | Reached skill level 3 in Axes
   131 | D:1      | Reached XP level 2. HP: 22/26 MP: 2/2
   235 | D:1      | Reached skill level 4 in Axes
   446 | D:1      | Reached XP level 3. HP: 31/31 MP: 3/3
   446 | D:1      | Found Wymuano's Armour Boutique.
   556 | D:1      | Found Jieloutz's Distillery.
   616 | D:1      | Found Riguv Ryaqu's Antique Armour Boutique.
   942 | D:2      | Reached skill level 5 in Axes
  1214 | D:2      | Found a faded altar of an unknown god.
  1486 | D:3      | Noticed Robin
  1629 | D:2      | Killed Robin
  1630 | D:2      | Reached XP level 4. HP: 23/39 MP: 4/4
  1799 | D:3      | Found a transporter.
  1909 | D:3      | Noticed Smoke131's ghost (amateur MiFi)
  1928 | D:3      | Found a transporter.
  1929 | D:3      | Found a one-way gate to the infinite horrors of the Abyss.
  1973 | D:3      | Noticed Natasha
  1979 | D:3      | Killed Natasha
  1980 | D:3      | Reached skill level 6 in Axes
  2137 | D:3      | Reached XP level 5. HP: 39/45 MP: 5/5
  2326 | D:3      | Noticed Natasha
  2333 | D:3      | Killed Natasha
  2334 | D:3      | Reached skill level 7 in Axes
  2438 | D:3      | Noticed Natasha
  2448 | D:3      | Killed Natasha
  2838 | D:4      | Reached skill level 8 in Axes
  2900 | D:4      | Reached XP level 6. HP: 51/51 MP: 6/6
  3247 | D:4      | Found a bloodstained altar of Trog.
  3247 | D:4      | Noticed a black bear
  3247 | D:4      | Noticed a black bear
  3271 | D:5      | Entered Level 5 of the Dungeon
  3273 | D:5      | Found a staircase to the Ecumenical Temple.
  3320 | D:5      | Reached skill level 9 in Axes
  3331 | D:5      | Reached XP level 7. HP: 19/57 MP: 2/7
  3362 | Temple   | Entered the Ecumenical Temple
  3362 | Temple   | Found a transporter.
  3362 | Temple   | Found a transporter.
  3366 | Temple   | Reached skill level 10 in Axes
  3369 | Temple   | Found a transporter.
  3369 | Temple   | Found a transporter.
  3410 | Temple   | Became a worshipper of Uskayaw the Reveller
  3585 | D:5      | Reached * piety under Uskayaw
  3592 | D:5      | Reached ** piety under Uskayaw
  4203 | D:5      | Reached *** piety under Uskayaw
  4210 | D:5      | Reached skill level 11 in Axes
  4305 | D:5      | Found an ornate altar of the Wu Jian Council.
  4619 | D:5      | Found a runed translucent door.
  4620 | D:5      | Identified the +1 hammer "Beastslayer" {vorpal, rF- Str+6
                  | Int+3 Dex+2}
  4620 | D:5      | Noticed Crazy Yiuf
  5022 | D:6      | Reached XP level 8. HP: 60/64 MP: 6/8
  5244 | D:6      | Reached skill level 12 in Axes
  5554 | D:6      | Reached skill level 13 in Axes
  5554 | D:6      | Reached **** piety under Uskayaw
  5629 | D:6      | Found a glowing golden altar of the Shining One.
  5900 | D:6      | Reached skill level 14 in Axes
  6191 | D:4      | Noticed Dowan
  6193 | D:4      | Noticed Duvessa
  6218 | D:4      | Killed Dowan
  6219 | D:4      | Reached XP level 9. HP: 64/70 MP: 7/9
  6324 | D:5      | Killed Crazy Yiuf
  6525 | D:7      | Identified the ring "Esuappir" {rElec rF+ rN+++ Dex-5
                  | Stlth+}
  6551 | D:7      | Reached skill level 15 in Axes
  6649 | D:7      | Noticed a troll
  6692 | D:7      | Killed a troll
  6793 | D:7      | Found an opulent altar of Gozag.
  6918 | D:7      | Noticed Maggie
  6934 | D:7      | Killed Maggie
  6935 | D:7      | Reached skill level 16 in Axes
  6935 | D:7      | Reached skill level 1 in Invocations
  7157 | D:7      | Found a broken altar of Ashenzari.
  7305 | D:8      | Found Minucyoc's Antique Armour Shop.
  7305 | D:8      | Found Hiosub's General Store.
  7327 | D:8      | Bought a scroll of enchant armour for 120 gold pieces
  7327 | D:8      | Bought a scroll of noise for 16 gold pieces
  7408 | D:8      | Found Hoejueb's General Store.
  7445 | D:8      | Bought a potion of brilliance for 64 gold pieces
  7491 | D:8      | Found Ludur's General Store.
  7501 | D:8      | Bought a potion of degeneration for 15 gold pieces
  7501 | D:8      | Bought 3 scrolls of teleportation for 135 gold pieces
  7585 | D:7      | Reached skill level 5 in Invocations
  7812 | D:8      | Found Gesace's Antique Weapon Shoppe.
  8214 | D:9      | Noticed a two-headed ogre
  8560 | D:3      | Killed Smoke131's ghost
  8792 | D:4      | Noticed Pikel
  8897 | D:4      | Killed Pikel
  8898 | D:4      | Reached XP level 10. HP: 58/77 MP: 14/16
 10047 | D:9      | Found a staircase to the Orcish Mines.
 10281 | D:10     | Entered Level 10 of the Dungeon
 10675 | D:10     | Reached skill level 10 in Invocations
 10960 | D:10     | Noticed Gastronok
 11008 | D:10     | Killed Gastronok
 11187 | D:10     | Found a burning altar of Makhleb.
 11268 | D:10     | HP: 3/77 [troll (8)]
 11268 | D:10     | Slain by a troll

Illustrated notes

Levels and vault maps discovered:
D:1:      evilmike_arrival_grusome_pit, layout_rooms, serial_shops,
          nicolae_shop_hallway_plus, nicolae_shop_stone,
          nicolae_shop_waterfront, minmay_pentomino_s2
D:2:      layout_basic, shapermc_ecumenical_altar_pompeii, serial_rivers,
          chequers_serial_rivers_small_a, chequers_serial_rivers_large_a,
          chequers_serial_rivers_micro_a, chequers_serial_rivers_micro_b,
          chequers_serial_rivers_large_b, chequers_serial_rivers_marsh,
          hangedman_abyss_or_decor_lesser_grid
D:3:      minmay_diamond_boxcup, layout_loops_corners,
          gammafunk_ghost_abyssal_escape, uniq_robin, uniq_natasha
D:4:      layout_basic, trog_ov_bears_minmay, serial_corexii_hall,
          corexii_hall_statues_l, chequers_hall_statues_corner_a,
          chequers_hall_statues_y, corexii_hall_statues_x, uniq_duvessa,
          uniq_pikel
D:5:      layout_loops_corners, amcnicky_altar_gilded,
          minmay_temple_entry_butterflies, gup_sewer_entry_bubbles,
          uniq_crazy_yiuf_cottage
D:6:      layout_loops_cross, lemuel_round_altar
D:7:      layout_cave_pools, lemuel_coloured_pillars_altar,
          mainiacjoe_overflow_paths, uniq_maggie
D:8:      layout_rooms, serial_shops, nicolae_square_shop, nicolae_square_shop,
          shop_statue, nicolae_shop_hallway_plus, nicolae_shop_trees
D:9:      layout_stronghold, david_orc_3, nzn_ghost_randoct,
          hangedman_decor_growths
D:10:     layout_rooms, mainiacjoe_overflow_tiny_flanked,
          general_overflow_altar, erik_lair_island, nicolae_lava_and_water,
          uniq_gastronok
Temple:   hellmonk_temple_divided_pantheon

Skill      XL: |  1  2  3  4  5  6  7  8  9 10 |
---------------+-------------------------------+-----
Axes           | 3 4 5 6 8 9 11 14 16 | 16.0
Invocations    | 8 12 | 12.7
Fighting       | |  3.6
Armour         | |  3.2
Shields        | |  3.2

Action                   |  1- 3 |  4- 6 |  7- 9 | 10-12 || total
-------------------------+-------+-------+-------+-------++-------
Melee: War axe           |   125 |   129 |   396 |   201 ||   851
       Punch             |     1 |     1 |     4 |     3 ||     9
  Use: Potion            |       |       |     3 |     1 ||     4
       Scroll            |       |       |       |     7 ||     7
 Stab: Paralysed         |       |       |     6 |     2 ||     8
Armor: Scale mail        |    80 |    59 |   100 |       ||   239
       Chain mail        |       |       |    46 |    89 ||   135
Dodge: Dodged            |    55 |    57 |   163 |    99 ||   374
